 Dungeon Crawl Stone Soup version 0.22.1-2-g9c5b331 (console) character file.

186 Goblin1989 the Covert (level 5, -12/35 HPs)
             Began as an Octopode Assassin on Dec 28, 2018.
             Killed by divine providence
             ... invoked by an orc priest
              (18 damage)
             ... on level 3 of the Dungeon.
             The game lasted 00:04:42 (1841 turns).

Goblin1989 the Covert (Octopode Assassin)           Turns: 1841, Time: 00:04:43

Health: -12/35     AC:  1    Str: 11    XL:     5   Next: 65%
Magic:  5/5        EV: 13    Int: 13    God:
Gold:   131        SH:  0    Dex: 14    Spells: 4/4 levels left

rFire    . . .     SeeInvis .   b - +0 short sword (venom)
rCold    . . .     Gourm    .   (no shield)
rNeg     . . .     Faith    .   (helmet restricted)
rPois    .         Spirit   .   L - amulet of harm
rElec    .         Reflect  .   P - ring of teleportation (curse)
rCorr    .         Harm     +   (no ring)
MR       .....     Rnd*Tele +   (no ring)
Stlth    +++++.....             (no ring)
HPRegen  0.11/turn              (no ring)
MPRegen  0.09/turn              (no ring)
                                (no ring)
                                (no ring)

@: no status effects
A: almost no armour, stealthy swim, amphibious, 8 rings, constrict 8, camouflage
1, gelatinous body 1
a: no special abilities


You were on level 3 of the Dungeon.
You were not hungry.

You visited 1 branch of the dungeon, and saw 3 of its levels.

You collected 131 gold pieces.

Inventory:

Hand Weapons
 a - a +2 dagger of protection
 b - a +0 short sword of venom (weapon)
 w - a +0 blowgun {@w1}
 J - a +0 hunting sling
Missiles
 c - 8 poisoned needles
 d - 2 curare-tipped needles
 F - 27 bolts
 H - 23 arrows
 I - 36 stones (quivered) {@Q3}
Jewellery
 L - an amulet of harm (around mantle)
 P - a cursed ring of teleportation (left tentacle)
Scrolls
 x - 4 scrolls of enchant armour {unknown}
 y - a scroll of magic mapping {unknown}
 z - 2 scrolls of teleportation {unknown}
 N - a scroll of immolation {unknown}
 O - 2 scrolls of identify {unknown}
 Q - 3 scrolls of remove curse {unknown}
Potions
 u - 2 potions of haste {unknown}
 A - a potion of magic {unknown}
 B - a potion of cancellation {unknown}
 C - a potion of agility {unknown}
 D - a potion of ambrosia {unknown}
 E - 3 potions of curing {unknown}
 M - 2 potions of lignification {unknown}
Comestibles
 e - 5 rations
 K - 3 chunks of flesh


   Skills:
 + Level 2.4 Fighting
 + Level 2.4 Short Blades
 - Level 2.0 Throwing
 * Level 2.1 Dodging
 + Level 8.4 Stealth


You had 4 spell levels left.
You didn't know any spells.
Your spell library contained the following spells:

 Spells                   Type           Power        Failure   Level  Hunger
 Magic Dart               Conj           #...         30%         1    ##.....
 Blink                    Tloc           N/A          43%         2    ###....
 Call Imp                 Summ           #.......     43%         2    ###....
 Slow                     Hex            #.......     43%         2    ###....
 Conjure Flame            Conj/Fire      #.......     67%         3    ####...
 Mephitic Cloud           Conj/Pois/Air  #.......     67%         3    ####...


Dungeon Overview and Level Annotations

Branches:
Dungeon (3/15)

Altars:
Sif Muna
Vehumet


Innate Abilities, Weirdness & Mutations

You cannot wear most types of armour.
You are very stealthy in the water. (Stealth+)
You are amphibious.
You can wear up to eight rings at the same time.
You can use your tentacles to constrict eight enemies at once.
Your skin changes colour to match your surroundings (Stealth+).
Your rubbery body absorbs attacks. (AC +1, EV +1)


Message History

K - 3 chunks of flesh (gained 1)
An ooze comes into view.
An ooze is nearby!
The helpless ooze fails to defend itself.
You impale the ooze!!
You kill the ooze!
No target in view!
No target in view!
No target in view!
No target in view!
No target in view!
No target in view!
No target in view!
No target in view!
No target in view!
No target in view!
No target in view!
No target in view!
No target in view!
No target in view!
No target in view!
A worm comes into view.
A worm is nearby!
A worm is nearby!
The helpless worm fails to defend itself.
You impale the worm!!
You kill the worm!
No target in view!
No target in view!
No target in view!
No target in view!
No target in view!
No target in view!
No target in view!
No target in view!
No target in view!
No target in view!
No target in view!
No target in view!
No target in view!
No target in view!
No target in view!
You now have 131 gold pieces (gained 13).
An orc comes into view. It is wielding a mace.
An orc is nearby!
An orc is nearby!
An orc is nearby!
You closely miss the orc.
The orc shouts!
You grab the orc. You constrict the orc. The orc barely misses you.
You hit the orc.
The orc is poisoned.
The orc is moderately wounded.
You constrict the orc. The orc barely misses you.
An orc comes into view. It is wielding a flail.
You barely miss the orc.
The orc is heavily wounded.
You constrict the orc.
You kill the orc!
An orc comes into view.
You see here a mace.
The orc hits you with a flail!
You take 12 damage, and have 23/35 hp.
MASSIVE DAMAGE!!
You hit the orc.
You kill the orc!
You hit the orc but do no damage. You grab the orc.
You constrict the orc, but do no damage.
The orc hits you.
An orc priest comes into view. It is wielding a short sword.
You take 2 damage, and have 21/35 hp.
You are too injured to fight recklessly!
You are too injured to fight recklessly!
You are too injured to fight recklessly!
You are too injured to fight recklessly!
You are too injured to fight recklessly!
You are too injured to fight recklessly!
You are too injured to fight recklessly!
You are too injured to fight recklessly!
You are too injured to fight recklessly!
You are too injured to fight recklessly!
There are monsters nearby!
There are monsters nearby!
Unknown command.
The orc priest shouts!
You hit the orc.
The orc is poisoned.
The orc is moderately wounded.
You constrict the orc, but do no damage.
The orc hits you.
The orc priest mumbles some strange prayers to Beogh against you.
Beogh smites you!
* * * LOW HITPOINT WARNING * * *
You take 15 damage, and have 6/35 hp.
MASSIVE DAMAGE!!
You hit the orc but do no damage.
The orc looks as sick as possible!
You squeeze the orc.
The orc is severely wounded.
You constrict the orc, but do no damage.
The orc closely misses you.
The orc priest calls down the wrath of Beogh upon you.
Beogh smites you!
Ouch! That really hurt!
You die... ███████████████

o.....o@.)....█
█████████████.█
........█
██......███████
█............█
█......█████.█
█......█
█████████.█
.........█.█


You could see an orc priest and an orc.

Vanquished Creatures
  2 hounds (D:2)
  Jessica (D:2)
  2 adders (D:2)
  An ooze (D:3)
  2 worms
  5 dart slugs
  A leopard gecko (D:2)
  2 orcs (D:3)
  3 ball pythons
  7 bats
  2 giant cockroaches
  7 hobgoblins
  4 jackals (D:1)
  2 quokkas (D:2)
  3 frilled lizards
  7 goblins
  5 kobolds
  A quokka skeleton (D:2)
  6 rats
63 creatures vanquished.

Notes
Turn   | Place    | Note
-------+----------+-------------------------------------------
     0 | D:1      | Goblin1989 the Octopode Assassin began the quest for the
                  | Orb.
     0 | D:1      | Reached XP level 1. HP: 14/14 MP: 1/1
    64 | D:1      | Reached XP level 2. HP: 19/19 MP: 2/2
    78 | D:1      | Reached skill level 6 in Stealth
   312 | D:1      | Reached XP level 3. HP: 18/24 MP: 3/3
   588 | D:1      | Reached skill level 7 in Stealth
  1020 | D:2      | Reached XP level 4. HP: 22/29 MP: 4/4
  1106 | D:2      | Reached skill level 8 in Stealth
  1123 | D:2      | Found a radiant altar of Vehumet.
  1192 | D:2      | Reached XP level 5. HP: 34/34 MP: 5/5
  1199 | D:2      | Found a deep blue altar of Sif Muna.
  1384 | D:2      | Noticed Jessica
  1387 | D:2      | Killed Jessica
  1841 | D:3      | Killed from afar by an orc priest

Skill      XL: |  1  2  3  4  5 |
---------------+----------------+-----
Stealth        | 6 7 8 |  8.4
Dodging        | 2 |  2.1
Fighting       | |  2.4
Short Blades   | |  2.4
Throwing       | |  2.0

Action                   |  1- 3 |  4- 6 || total
-------------------------+-------+-------++-------
Melee: Dagger            |    47 |       ||    47
       Constrict         |    12 |     5 ||    17
       Tentacles         |     9 |     6 ||    15
       Short sword       |     7 |    39 ||    46
 Stab: Sleeping          |    21 |    14 ||    35
  Eat: Chunk             |       |     3 ||     3
Armor: Skin              |     1 |     2 ||     3
Dodge: Dodged            |    19 |    15 ||    34

Vault maps used:
D:1:      roderic_chinese_lattice_arrival, serial_bayou_pond_c
D:2:      old_standard_altar, fiery_altar_vehumet, uniq_jessica
D:3:      first_ration
